 Dungeon Crawl Stone Soup version 0.27.1-34-g3ba077fa99 (webtiles) character file.

Game seed: 16339920240150025801

88 cbfl8 the Shooter (level 4, -9/35 HPs)
             Began as a Minotaur Wanderer on Jan 18, 2022.
             Killed by divine providence
             ... invoked by an orc priest
              (12 damage)
             ... on level 3 of the Dungeon.
             The game lasted 00:03:45 (2261 turns).

cbfl8 the Shooter (Minotaur Wanderer)               Turns: 2261, Time: 00:03:46

Health: -9/35      AC:  9    Str: 19    XL:     4   Next: 29%
Magic:  3/3        EV:  9    Int:  8    God:
Gold:   77         SH:  0    Dex:  9    Spells: 3/3 levels left

rFire    . . .     SeeInvis .   a - +0 club
rCold    . . .     Faith    .   (no shield)
rNeg     . . .     Spirit   .   d - +2 scale mail
rPois    .         Reflect  .   (helmet restricted)
rElec    .         Harm     .   (no cloak)
rCorr    .         Rampage  .   (no gloves)
Will     .....                  (no boots)
Stlth    ..........             (no amulet)
HPRegen  0.11/turn              (no ring)
MPRegen  0.08/turn              (no ring)

@: no status effects
A: horns 2, retaliatory headbutt
a: no special abilities


You were on level 3 of the Dungeon.
You visited 1 branch of the dungeon, and saw 3 of its levels.

You collected 77 gold pieces.

Inventory:

Hand Weapons
 a - a +0 club (weapon)
Armour
 d - a +2 scale mail (worn)
Scrolls
 b - 5 scrolls of teleportation
 f - 3 scrolls of identify {unknown}
 i - a scroll of immolation {unknown}
 k - a scroll of silence {unknown}
 l - a scroll of holy word {unknown}
Potions
 e - a potion of flight {unknown}
 g - a potion of haste {unknown}
 h - a potion of might {unknown}
 j - a potion of mutation {unknown}


   Skills:
 + Level 1.5 Fighting
 + Level 1.6 Maces & Flails
 + Level 5.2 Bows
 + Level 4.7 Armour
 + Level 0.5 Dodging
 + Level 1.0 Stealth
 + Level 1.0 Evocations


You had 3 spell levels left.
You didn't know any spells.
Your spell library contained the following spells:

 Spells                   Type           Power      Damage    Failure   Level
 Summon Small Mammal      Summ           0%         N/A       77%         1
 Call Canine Familiar     Summ           0%         N/A       98%         3
 Summon Guardian Golem    Hex/Summ       0%         N/A       98%         3


Dungeon Overview and Level Annotations

Branches:
Dungeon (3/15)

Altars:


Innate Abilities, Weirdness & Mutations

You have a pair of horns on your head.
You reflexively headbutt those who attack you in melee.


Message History

The orc priest hits you but does no damage.
Unknown command.
You hit something. Your headbutt misses something.
You hear some strange, mumbled words.
You are confused.
The orc priest hits you but does no damage.
The orc priest hits you with a +0 club.
Unknown command.
You closely miss something. Something hits you but does no damage.
The orc priest hits you with a +0 club.
* * * LOW HITPOINT WARNING * * *
The orc priest hits you but does no damage.
Something hits you but does no damage.
Unknown command.
You barely miss something.
The orc priest hits you but does no damage.
The orc priest barely misses you. Something hits you but does no damage.
Unknown command.
You feel better.
You feel better.
The orc priest casts a cantrip, but nothing happens.
The orc priest hits you with a +0 club.
You feel better. The orc priest hits you with a +0 club.
The orc priest hits you but does no damage.
Okay, then.
You hit the orc priest but do no damage.
The orc priest mumbles some strange prayers to Beogh against you.
Beogh smites you!
The orc priest calls down the wrath of Beogh upon you.
Beogh smites you!
* * * LOW HITPOINT WARNING * * *
An orc wizard comes into view. It is wielding a +0 dagger.
The orc priest closely misses you. You furiously retaliate!
You headbutt the orc priest, but do no damage.
The orc wizard shouts!
You hit the orc priest but do no damage.
You headbutt the orc priest, but do no damage.
The orc priest mumbles some strange prayers to Beogh against you.
Beogh smites you!
You die...

#.#.# #.# #.### #.#
#..). #.# ## #####
#.# .. .. #.# .# ##
#.# .#
######.#####h###...
#.........@o{..(...
####.##...o#h......
## #.##....#.......
#.##.
#.##....#.###.##
#.##. #.##....#.# #
#.#.##. #.##....#.#
#. ..#.##.
#.##....#.. ..#
#.#.##. #.#..o..###
#.# #.#.##. #.# #.#
#.#.##.


You could see 2 orc priests, an orc wizard and 2 jackals.

Vanquished Creatures
  A gnoll (D:1)
  2 adders (D:2)
  A worm (D:3)
  3 dart slugs (D:1)
  An orc (D:3)
  6 endoplasms
  6 goblins
  5 hobgoblins
  2 quokkas
  7 ball pythons
  3 bats
  2 frilled lizards
  6 kobolds
  4 rats
49 creatures vanquished.

Notes
Turn   | Place    | Note
-------+----------+-------------------------------------------
     0 | D:1      | cbfl8 the Minotaur Wanderer began the quest for the Orb.
     0 | D:1      | cbfl8 set off with the following items: a +0 club, a scroll
                  | of teleportation, a potion of curing, a +2 scale mail
     0 | D:1      | Reached XP level 1. HP: 16/16 MP: 0/0
   303 | D:1      | Reached XP level 2. HP: 23/23 MP: 1/1
   618 | D:1      | Found a faded altar of an unknown god.
   739 | D:1      | Reached skill level 5 in Bows
   739 | D:1      | Reached XP level 3. HP: 20/28 MP: 2/2
  1161 | D:2      | Reached skill level 1 in Maces & Flails
  1476 | D:2      | Reached XP level 4. HP: 35/35 MP: 3/3
  2261 | D:3      | Killed from afar by an orc priest

Illustrated notes

Levels and vault maps discovered:
D:1:      enne_arrival_octagon_isle, layout_rooms,
          shapermc_ecumenical_altar_acropolis
D:2:      layout_rooms, minmay_pentomino_o2
D:3:      layout_basic, uniq_crazy_yiuf_cottage

Skill      XL: |  1  2  3 |
---------------+----------+-----
Armour         | 4 |  4.7
Bows           | 5 |  5.2
Maces & Flails | 1 |  1.6
Fighting       | |  1.5
Dodging        | |  0.5
Stealth        | |  1.0
Evocations     | |  1.0

Action                   |  1- 3 |  4- 6 || total
-------------------------+-------+-------++-------
Melee: Club              |    80 |    48 ||   128
       Headbutt          |     9 |     5 ||    14
  Use: Potion            |       |     3 ||     3
Armor: Scale mail        |    58 |    26 ||    84
Dodge: Dodged            |    71 |    37 ||   108
